 Dungeon Crawl Stone Soup version 0.19-a0-790-ge39e1af (webtiles) character file.

55 AlphabetPasta the Cudgeler (level 3, 0/36 HPs)
             Began as an Ogre Skald on June 26, 2016.
             Succumbed to an adder's poison
             ... on level 2 of the Dungeon.
             The game lasted 00:05:04 (977 turns).

AlphabetPasta the Cudgeler (Ogre Skald)              Turns: 977, Time: 00:05:04

Health: 0/36       AC:  3    Str: 17    XL:     3   Next: 93%
Magic:  2/7        EV: 10    Int: 12    God:
Gold:   95         SH:  0    Dex:  9    Spells: 3 memorised, 3 levels left

rFire  . . .     SeeInvis .     a - +0 mace
rCold  . . .     Gourm    .     b - +0 robe
rNeg   . . .     Faith    .     (no shield)
rPois  .         Spirit   .     (helmet restricted)
rElec  .         Dismiss  .     (no cloak)
rCorr  .         Reflect  .     (gloves unavailable)
SustAt .         Harm     .     (boots unavailable)
MR     .....                    (no amulet)
Stlth  +.........               (no ring)
                                (no ring)

@: lethally poisoned (0 -> -9), not resistant to hostile enchantments, very
unstealthy
A: unfitting armour, tough skin 1
a: no special abilities


You were on level 2 of the Dungeon.
You were hungry.

You visited 1 branch of the dungeon, and saw 2 of its levels.

You collected 95 gold pieces.

Inventory:

Hand Weapons
 a - a +0 mace (weapon)
Armour
 b - a +0 robe (worn)
Scrolls
 f - a scroll of enchant armour {unknown}
 j - a scroll of identify {unknown}
Potions
 h - a potion of invisibility
Books
 c - a book of Battle

   Spells                             Type                      Level
   a - Infusion                       Charms                       1
   b - Shroud of Golubria             Charms/Translocation         2
   c - Song of Slaying                Charms                       2
   d - Spectral Weapon                Hexes/Charms                 3
   e - Regeneration                   Charms/Necromancy            3
Comestibles
 d - 2 bread rations
 i - a chunk of flesh


   Skills:
 + Level 2.8 Fighting
 * Level 3.6 Maces & Flails
 + Level 1.6 Dodging
 + Level 3.1 Spellcasting
 * Level 2.7 Charms


You had 3 spell levels left.
You knew the following spells:

 Your Spells              Type           Power        Failure   Level  Hunger
a - Infusion              Chrm           #...         10%         1    #......
b - Song of Slaying       Chrm           #.......     12%         2    ###....
c - Shroud of Golubria    Chrm/Tloc      #.........   21%         2    ###....


Dungeon Overview and Level Annotations

Branches:
Dungeon (2/15)

Altars:


Innate Abilities, Weirdness & Mutations

You are too large for most types of armour.
You have tough skin. (AC +1)


Message History

You are more poisoned.
The adder poisons you!
You barely miss the adder.
The adder is severely wounded.
You feel sick. The adder closely misses you. The adder bites you.
* * * LOW HITPOINT WARNING * * *
You are more poisoned.
The adder poisons you!
You sock the adder!
You kill the adder!
* * * LOW HITPOINT WARNING * * *
You feel sick.
You hit the jackal but do no damage.
* * * LOW HITPOINT WARNING * * *
You feel sick. The jackal bites you.
* * * LOW HITPOINT WARNING * * *
The jackal bites you.
* * * LOW HITPOINT WARNING * * *
You closely miss the jackal.
You die...

#..####### .# #
##..#....$#..#...
#.#...÷.†..<.......
#.#?.^.#..###..#...
#.....###.... ....
###....#..#### #...
#...%..## ##
###[#†## #@#.#
#h#.# #l#.. .g...
#.##.# #.# .. ...
###


You could see a giant gecko, a jackal and a hobgoblin.

Vanquished Creatures
  2 adders (D:2)
  An ooze (D:1)
  2 dart slugs
  A giant gecko (D:1)
  2 goblins (D:1)
  2 hobgoblins (D:1)
  5 jackals
  A quokka (D:2)
  5 bats
  A giant newt (D:1)
  3 kobolds (D:1)
  4 rats (D:1)
29 creatures vanquished.

Notes
Turn   | Place    | Note
--------------------------------------------------------------
     0 | D:1      | AlphabetPasta the Ogre Skald began the quest for the Orb.
     0 | D:1      | Reached XP level 1. HP: 22/22 MP: 3/3
   227 | D:1      | Reached XP level 2. HP: 22/29 MP: 5/5
   261 | D:1      | Learned a level 2 spell: Song of Slaying
   264 | D:1      | Learned a level 2 spell: Shroud of Golubria
   706 | D:1      | Reached XP level 3. HP: 36/36 MP: 7/7
   976 | D:2      | HP: 1/36 [jackal (2)]
   977 | D:2      | Succumbed to an adder's poison

Vault maps used:
D:1:      lemuel_arrival_muddy
D:2:      nicolae_dithmenos_shadow_blocks

Skill      XL: |  1  2  3 |
---------------+----------+-----
Maces & Flails | 3 |  3.6
Spellcasting   | 3 |  3.1
Fighting       | |  2.8
Dodging        | |  1.6
Charms         | |  2.7

Action                   || total
-------------------------++-------
Melee: Mace              ||    97
 Cast: Infusion          ||     5
       Shroud of Golubri ||     1
  Use: Potion            ||     3
 Stab: Invisible         ||     2
Armor: Robe              ||    32
Dodge: Dodged            ||    60
